 Dungeon Crawl Stone Soup version 0.30-a0-232-g7c5df11ecf (webtiles) character file.

Game seed: 16591829956036041714

356 qw the Chopper (level 6, 0/38 HPs)
             Began as a Gargoyle Fighter on Oct 9, 2022.
             Slain by a gnoll
             ... wielding a +0 spear
              (3 damage)
             ... on level 4 of the Dungeon.
             The game lasted 00:01:10 (2421 turns).

qw the Chopper (Gargoyle Fighter)                   Turns: 2421, Time: 00:01:10

Health: 0/38       AC: 12    Str: 22    XL:     6   Next: 63%
Magic:  6/6        EV:  9    Int:  8    God:
Gold:   184        SH:  4    Dex:  9    Spells: 5/5 levels left

rFire   + . .      SeeInvis .    Y - +0 war axe
rCold   . . .      Faith    .    c - +0 buckler
rNeg    + . .      Spirit   .    b - +0 scale mail
rPois   inf        Reflect  .    g - +0 helmet
rElec   +          Harm     .    (no cloak)
rCorr   .          Rampage  .    (no gloves)
Will    .....                    (no boots)
Stlth   ..........               (no amulet)
HPRegen 0.26/turn                f - ring of protection from fire
MPRegen 0.10/turn                (no ring)

@: no status effects
A: sickness immunity, AC +4, negative energy resistance 1, electricity
resistance, torment resistance 1, petrification resistance
a: no special abilities


You were on level 4 of the Dungeon.
You visited 1 branch of the dungeon, and saw 4 of its levels.

You collected 184 gold pieces.


Innate Abilities, Weirdness & Mutations

You are immune to sickness and miasma.
Your stone body is resilient. (AC +4)
You are immune to poison.
You resist negative energy. (rN+)
You are resistant to electric shocks. (rElec)
You are resistant to unholy torment.
You are immune to petrification.


   Skills:
 - Level 4.2 Fighting
 - Level 5.7 Axes
 - Level 3.2 Armour
 + Level 0.7 Dodging
 - Level 3.2 Shields


You had 5 spell levels left.
You didn't know any spells.
Your spell library was empty.

Inventory:

Hand Weapons
 n - a +0 mace
 Y - a +0 war axe (weapon)
Missiles
 i - 2 boomerangs (quivered)
Armour
 b - a +0 scale mail (worn)
 c - a +0 buckler (worn)
 g - a +0 helmet (worn)
Jewellery
 f - a ring of protection from fire (left hand)
Scrolls
 l - 2 scrolls of identify
Potions
 a - a potion of curing
 d - 2 potions of might
 j - a potion of resistance
 k - a potion of haste
 p - a potion of magic {unknown}

Dungeon Overview and Level Annotations

Branches:
Dungeon (4/15)
 Temple: D:4-7

Altars:
Ashenzari

Annotations:
D:4 Edmund


Message History

The gnoll is heavily wounded.
You block the gnoll's attack. The gnoll hits you with a +0 spear.
You hit the gnoll.
The gnoll is severely wounded.
The gnoll closely misses you. The gnoll barely misses you.
You hit the gnoll.
The gnoll is almost dead.
You hit the hobgoblin but do no damage. The gnoll closely misses you.
The gnoll hits you with a +0 spear.
The hobgoblin hits you but does no damage.
You block the hobgoblin's attack. The gnoll closely misses you.
You hit the gnoll but do no damage.
The gnoll is almost dead.
You hit the hobgoblin. The gnoll hits you but does no damage.
The gnoll hits you with a +0 spear.
The hobgoblin hits you but does no damage.
You slash the gnoll!
You kill the gnoll!
You closely miss the hobgoblin.
The gnoll hits you from afar with a +0 spear.
You block the hobgoblin's attack.
You hit the hobgoblin.
The hobgoblin is almost dead.
The gnoll hits you from afar with a +0 spear.
The hobgoblin barely misses you.
You hit the hobgoblin.
You kill the hobgoblin!
The gnoll hits you from afar with a +0 spear.
The gnoll hits you from afar with a +0 spear of venom.
The gnoll hits you from afar with a +0 spear.
You slash the gnoll!
You kill the gnoll!
The gnoll closely misses you.
The gnoll hits you from afar with a +0 spear.
The gnoll hits you with a +0 spear of venom!
You block the gnoll's attack.
You hit the gnoll but do no damage. You slash the gnoll!
The gnoll hits you with a +0 spear of venom.
The gnoll hits you with a +0 spear.
You die...

#..####...##
##.## #####
##.## ###.##
###...#
##....##
#.....#
###).## ##@#
#gg# #.J#
#..# ....
#.... #....
#.....


You could see a jelly and 2 gnolls.

Vanquished Creatures
  Sigmund (D:2)
  An iguana (D:4)
  Jessica (D:2)
  2 gnolls (D:4)
  4 adders
  2 worms
  2 dart slugs
  7 orcs
  5 endoplasms
  5 giant cockroaches
  6 goblins
  6 hobgoblins
  2 jackals (D:4)
  5 kobolds
  3 quokkas
  8 ball pythons
  9 bats
  5 frilled lizards
  5 rats
79 creatures vanquished.

Notes
Turn   | Place    | Note
-------+----------+-------------------------------------------
     0 | D:1      | qw the Gargoyle Fighter began the quest for the Orb.
     0 | D:1      | Reached XP level 1. HP: 14/14 MP: 1/1
     0 | D:1      | 0 ||| qw: Version: 0.2-a-17-g06abaee
     0 | D:1      | 0 ||| qw: Game counter: 2316
     0 | D:1      | 0 ||| qw: Always use a shield: true
     0 | D:1      | 0 ||| qw: God list: Okawaru
     0 | D:1      | 0 ||| qw: Allow faded altars: false
     0 | D:1      | 0 ||| qw: Do Orc after D:15 true
     0 | D:1      | 0 ||| qw: Do second Lair branch before Depths: true
     0 | D:1      | 0 ||| qw: Lair rune preference: random
     0 | D:1      | 0 ||| qw: Plans: Normal, Zot:1-4, God:TSO, Crypt, Tomb,
                  | Pan, Slime:5, Hells, Abyss, Orb
     0 | D:1      | 0 ||| PLANNING D:1-11
    77 | D:1      | 77 ||| Stepping ~*~*~tactically~*~*~ (stealth).
    78 | D:1      | 78 ||| Stepping ~*~*~tactically~*~*~ (stealth).
    80 | D:1      | Reached skill level 2 in Axes
    89 | D:1      | Reached XP level 2. HP: 6/19 MP: 2/2
    95 | D:1      | 95 ||| Stepping ~*~*~tactically~*~*~ (stealth).
    97 | D:1      | 97 ||| Stepping ~*~*~tactically~*~*~ (stealth).
   219 | D:1      | 219 ||| Stepping ~*~*~tactically~*~*~ (stealth).
   229 | D:1      | 229 ||| Stepping ~*~*~tactically~*~*~ (stealth).
   412 | D:1      | Reached skill level 3 in Axes
   443 | D:1      | Reached XP level 3. HP: 23/23 MP: 3/3
   478 | D:1      | Found a faded altar of an unknown god.
   682 | D:1      | 682 ||| UPGRADING to +0 helmet.
   687 | D:1      | 687 ||| UPGRADING to ring of protection from fire.
   688 | D:1      | 688 ||| READING scroll labelled IRAGGUN SIMMI.
   693 | D:1      | 693 ||| READING 3 scrolls labelled HEOGUTTO ILOCA.
   694 | D:1      | 694 ||| READING scroll labelled METIMPY TEAMORCH.
   695 | D:1      | 695 ||| READING 2 scrolls labelled XOTUGO CIKK.
   696 | D:1      | 696 ||| DROPPING 2 scrolls of magic mapping.
   868 | D:2      | 868 ||| FLEEEEING.
   869 | D:2      | 869 ||| FLEEEEING.
   894 | D:2      | 894 ||| Stepping ~*~*~tactically~*~*~ (hiding).
   933 | D:2      | 933 ||| Stepping ~*~*~tactically~*~*~ (stealth).
   935 | D:2      | 935 ||| Stepping ~*~*~tactically~*~*~ (hiding).
  1082 | D:2      | Reached XP level 4. HP: 28/28 MP: 4/4
  1264 | D:2      | Noticed Jessica
  1265 | D:2      | 1265 ||| FLEEEEING.
  1266 | D:2      | 1266 ||| FLEEEEING.
  1267 | D:2      | 1267 ||| FLEEEEING.
  1276 | D:2      | Reached skill level 4 in Axes
  1277 | D:2      | 1277 ||| Stepping ~*~*~tactically~*~*~ (hiding).
  1281 | D:2      | Killed Jessica
  1370 | D:2      | Noticed Sigmund
  1382 | D:2      | Killed Sigmund
  1383 | D:2      | Reached skill level 5 in Axes
  1383 | D:2      | Reached XP level 5. HP: 29/32 MP: 5/5
  1383 | D:2      | Reached XP level 6. HP: 34/37 MP: 6/6
  1425 | D:2      | 1425 ||| READING scroll labelled XOFI UHAGEO.
  1426 | D:2      | 1426 ||| DRINKING 2 murky cyan potions.
  1427 | D:2      | 1427 ||| DRINKING 2 bubbling black potions.
  1428 | D:2      | 1428 ||| READING 3 scrolls of identify.
  1428 | D:2      | 1428 ||| IDENTIFYING murky puce potion
  1673 | D:3      | 1673 ||| Stepping ~*~*~tactically~*~*~ (stealth).
  1819 | D:3      | 1819 ||| Stepping ~*~*~tactically~*~*~ (stealth).
  2034 | D:3      | 2034 ||| READING 2 scrolls labelled SASAGE UVOLETIE.
  2035 | D:3      | 2035 ||| READING scroll labelled NUBEFI OLATE.
  2036 | D:3      | 2036 ||| READING 2 scrolls of identify.
  2036 | D:3      | 2036 ||| IDENTIFYING blue potion
  2037 | D:3      | 2037 ||| DROPPING scroll of immolation.
  2145 | D:4      | 2145 ||| Stepping ~*~*~tactically~*~*~ (hiding).
  2193 | D:4      | 2193 ||| DROPPING +0 club.
  2298 | D:4      | Found a broken altar of Ashenzari.
  2338 | D:4      | Noticed Edmund
  2345 | D:4      | HP: 7/38 [Edmund/+6 flail of protection (4)]
  2346 | D:4      | 2346 ||| READING scroll of teleportation.
  2347 | D:4      | 2347 ||| DRINKING potion of heal wounds.
  2407 | D:4      | 2407 ||| Stepping ~*~*~tactically~*~*~ (hiding).
  2420 | D:4      | HP: 5/38 [gnoll/+0 spear of venom (7)]
  2421 | D:4      | Slain by a gnoll

Levels and vault maps discovered:
D:1:      onia_arrival_mini_maze, layout_rooms,
          dreamdust_ecumenical_altar_angels_and_demons, st_stairs_11
D:2:      layout_basic, uniq_jessica, uniq_sigmund
D:3:      layout_loops_ring
D:4:      layout_cave_pods, mainiacjoe_overflow_alcove_2,
          general_overflow_altar, temple_doors_e, uniq_edmund, uniq_eustachio

Skill      XL: |  1  2  3  4  5  6 |
---------------+-------------------+-----
Axes           | 2 3 5 |  5.7
Fighting       | 4 |  4.2
Armour         | |  3.2
Dodging        | |  0.7
Shields        | |  3.2

Action                   |  1- 3 |  4- 6 || total
-------------------------+-------+-------++-------
Melee: War axe           |   126 |    95 ||   221
Throw: Boomerang         |     7 |    43 ||    50
  Use: Scroll            |     4 |     6 ||    10
       Potion            |       |     3 ||     3
Armor: Scale mail        |    85 |    46 ||   131
Dodge: Dodged            |    55 |    37 ||    92
Block: Buckler           |    18 |    22 ||    40

Table legend:
 A = Non-vault XP
 B = Vault XP
 C = Vault XP percentage of total XP
 D = Non-vault monster count
 E = Vault monster count
 F = Vault count percentage of total count
                 A         B        C        D         E       F
            +---------+---------+-------+---------+---------+-------
      Total |     254 |     255 |  50.1 |      74 |       5 |   6.3
            +---------+---------+-------+---------+---------+-------
        D:1 |      34 |       4 |  10.5 |      22 |       3 |  12.0
        D:2 |      66 |     251 |  79.2 |      21 |       2 |   8.7
        D:3 |      46 |       0 |   0.0 |      17 |       0 |   0.0
        D:4 |     108 |       0 |   0.0 |      14 |       0 |   0.0
            +---------+---------+-------+---------+---------+-------
